[Event "Titled Tuesday Blitz June 28 Late 2022"]
[White "D`Arruda, Ricardo D."]
[Black "Navarrete Mendez, Gonzalo Alberto"]
[WhiteFideId "100692"]
[BlackFideId "5106850"]
[WhiteElo "2452"]
[BlackElo "2261"]
[Result "0-1"]
[Round "03"]
[TimeControl "180+1"]
[Date "2022.06.29"]
[WhiteClock "0:00:21"]
[BlackClock "0:00:34"]

1. d4 d5 2. Nf3 Nf6 3. Bf4 c5 4. e3 Nc6 5. c3 Qb6 6. Qb3 c4 7. Qxb6 axb6 8. Na3 e5 9. dxe5 Bxa3 10. bxa3 Ne4 11. Nd4 O-O 12. Nb5 Ra5 13. Rb1 Bf5 14. f3 Nc5 15. e4 dxe4 16. Nd6 Bg6 17. Nxc4 exf3 18. Rxb6 fxg2 19. Bxg2 Nd3+ 20. Kd2 Nxf4 21. Bxc6 Rc5 22. Bb5 Bd3 23. Nd6 Rxe5 24. Bxd3 Rd5 25. Ke3 Nxd3 26. Ke4 Rxd6 27. Rxd6 Nf2+ 28. Kd5 Nxh1 29. Rd7 b6 30. Rd6 f5 31. Rxb6 f4 32. Rb1 Nf2 33. c4 Ng4 34. h3 Ne3+ 35. Kd4 Rc8 36. c5 Nc2+ 37. Ke4 Nxa3 38. Rc1 g5 39. Kf5 h6 40. c6 Nb5 41. Kg6 Nd4 42. Kxh6 Rxc6+ 43. Rxc6 Nxc6 0-1


[Site "https://www.chess.com"]

[Event "Titled Tuesday Blitz June 28 Late 2022"]
[White "Daeschler, Florian"]
[Black "Clarke, Brandon G I"]
[WhiteFideId "20678193"]
[BlackFideId "400319"]
[WhiteElo "2502"]
[BlackElo "2819"]
[Result "0-1"]
[Round "03"]
[TimeControl "180+1"]
[Date "2022.06.29"]
[WhiteClock "0:00:25"]
[BlackClock "0:01:48"]

1. d4 Nf6 2. c4 g6 3. g3 Bg7 4. Bg2 O-O 5. Nc3 d6 6. Nf3 Nbd7 7. O-O e5 8. e4 c6 9. h3 Qb6 10. Re1 exd4 11. Nxd4 Re8 12. Nc2 Qc7 13. Bf4 Ne5 14. b3 Nh5 15. Bd2 Nd3 16. Re3 Nc5 17. Rc1 a5 18. Kh2 Bd7 19. f4 Re7 20. Qe2 Rae8 21. Re1 Nf6 22. Qf1 h5 23. Kh1 Bc8 24. f5 d5 25. cxd5 cxd5 26. e5 Rxe5 27. Rxe5 Rxe5 28. Bf4 Rxe1 29. Qxe1 Qd7 30. fxg6 fxg6 31. Nd4 Nfe4 32. Nxe4 dxe4 33. Nc2 Nd3 34. Qxa5 Nxf4 35. gxf4 Qd1+ 36. Ne1 Bf5 37. Kh2 Kh7 38. b4 Qxe1 39. Qc5 e3 0-1


[Site "https://www.chess.com"]

[Event "Titled Tuesday Blitz June 28 Late 2022"]
[White "De Souza, Cristiano Gomes"]
[Black "Herman, Daniel"]
[WhiteFideId "2151758"]
[BlackFideId "30935008"]
[WhiteElo "2068"]
[BlackElo "1897"]
[Result "0-1"]
[Round "03"]
[TimeControl "180+1"]
[Date "2022.06.29"]
[WhiteClock "0:00:12"]
[BlackClock "0:00:20"]

1. d4 d5 2. c4 c6 3. Nf3 Nf6 4. Nc3 dxc4 5. a4 Bf5 6. e3 e6 7. Ne5 Nbd7 8. Nxd7 Qxd7 9. Bxc4 Bb4 10. O-O O-O 11. Ne2 Rad8 12. f3 e5 13. Qb3 Bd6 14. e4 Be6 15. Bxe6 fxe6 16. Be3 Kh8 17. Rad1 Qe7 18. g3 c5 19. dxe5 Bxe5 20. f4 Bb8 21. Nc3 Ng4 22. Bc1 Rc8 23. Qc4 Rfd8 24. h3 Nf6 25. Be3 Nd7 26. a5 a6 27. Rd2 Ba7 28. Rfd1 Nb8 29. Rxd8+ Rxd8 30. Rxd8+ Qxd8 31. Qxe6 Nc6 32. Qd5 Qxa5 33. e5 Qa1+ 34. Nd1 h6 35. e6 Nd4 36. Qd8+ Kh7 37. Bxd4 Qxd1+ 38. Kf2 cxd4 39. e7 d3+ 40. Kg2 Qe2+ 41. Kh1 Qf1+ 42. Kh2 Qg1# 0-1


[Site "https://www.chess.com"]

[Event "Titled Tuesday Blitz June 28 Late 2022"]
[White "Diaz, Fernando"]
[Black "Ladan, Nicholas"]
[WhiteFideId "3701255"]
[BlackFideId "30918855"]
[WhiteElo "1934"]
[BlackElo "2167"]
[Result "1-0"]
[Round "03"]
[TimeControl "180+1"]
[Date "2022.06.29"]
[WhiteClock "0:00:19"]
[BlackClock "0:00:20"]

1. e4 e5 2. Nf3 Nc6 3. Bc4 Nf6 4. Ng5 d5 5. exd5 Na5 6. Bb5+ c6 7. dxc6 bxc6 8. Be2 h6 9. Nf3 e4 10. Ne5 Bc5 11. O-O O-O 12. c3 Re8 13. d4 exd3 14. Nxd3 Bd6 15. Bf4 Ba6 16. Be3 Qc7 17. h3 Rad8 18. Qc2 Nc4 19. Bd4 Nd5 20. Bf3 Ne5 21. Bxe5 Bxe5 22. c4 Nb6 23. Nxe5 Qxe5 24. Nd2 Rd4 25. b3 Red8 26. Rfe1 Qf4 27. Ne4 Bc8 28. Re3 Bf5 29. Rae1 a5 30. Qe2 a4 31. Ng3 Bg6 32. Re8+ Rxe8 33. Qxe8+ Kh7 34. Qxc6 Nd7 35. Qxa4 Ne5 36. Qa8 Rd3 37. Be4 f5 38. Bxd3 Nxd3 39. Rf1 h5 40. Qf3 Qd2 41. Nxf5 Ne5 42. Qe4 Qg5 43. f4 Qxf5 44. Qxf5 Bxf5 45. fxe5 Be6 46. Rd1 Kg6 47. Rd6 Kf5 48. Rxe6 Kxe6 49. Kf2 Kxe5 50. Ke3 g5 51. g4 h4 52. b4 Ke6 53. Ke4 Kf6 54. Kd5 Ke7 55. c5 Kd7 56. c6+ Kc7 57. b5 Kb6 58. Kd6 Kxb5 59. Kd7 Kc4 60. c7 Kd4 61. c8=Q Ke4 62. Qf8 Ke3 63. Qf5 Ke2 64. Qxg5 Kf3 65. Qxh4 Kg2 66. g5 Kh2 67. Qg4 Kh1 68. h4 Kh2 69. h5 Kh1 70. h6 Kh2 71. h7 Kh1 72. h8=Q# 1-0


[Site "https://www.chess.com"]

[Event "Titled Tuesday Blitz June 28 Late 2022"]
[White "Diaz Rosas, Julio Cesar"]
[Black "Matlakov, Maxim"]
[WhiteFideId "5105099"]
[BlackFideId "4168003"]
[WhiteElo "2278"]
[BlackElo "2669"]
[Result "0-1"]
[Round "03"]
[TimeControl "180+1"]
[Date "2022.06.28"]
[WhiteClock "0:02:55"]
[BlackClock "0:02:48"]

1. d4 d5 2. c4 c6 3. Nf3 Nf6 4. Qc2 g6 5. g3 Bg7 6. Bg2 O-O 7. O-O Bf5 8. Qb3 Qb6 9. c5 Qxb3 10. axb3 Na6 11. Ra4 Bxb1 0-1


[Site "https://www.chess.com"]

[Event "Titled Tuesday Blitz June 28 Late 2022"]
[White "Djokic, Mihailo"]
[Black "Keymer, Vincent"]
[WhiteFideId "976440"]
[BlackFideId "12940690"]
[WhiteElo "2255"]
[BlackElo "2548"]
[Result "1/2-1/2"]
[Round "03"]
[TimeControl "180+1"]
[Date "2022.06.28"]
[WhiteClock "0:00:09"]
[BlackClock "0:00:08"]

1. e4 c6 2. d4 d5 3. e5 Bf5 4. h4 h6 5. g4 Be4 6. f3 Bh7 7. e6 Nf6 8. exf7+ Kxf7 9. Bd3 Qd6 10. Ne2 Nbd7 11. g5 Bxd3 12. Qxd3 hxg5 13. Bxg5 e5 14. Nd2 exd4 15. O-O-O c5 16. Nf4 Ne5 17. Qb5 Qc6 18. Qe2 Re8 19. Qg2 c4 20. h5 d3 21. Ng6 Rh7 22. Rde1 Bd6 23. Bxf6 c3 24. Nxe5+ Bxe5 25. Bxe5 Rxe5 26. Qg6+ Kg8 27. Qxc6 Rxe1+ 28. Rxe1 cxd2+ 29. Kxd2 bxc6 30. Kxd3 Rxh5 31. Re7 a5 32. Rc7 Rh6 33. Ra7 Rf6 34. Ke2 Re6+ 35. Kf2 Rh6 36. Kg3 Rg6+ 37. Kf2 Rh6 38. Kg1 Re6 39. Kf1 Rh6 40. Ra6 Kf7 41. Rxa5 Ke6 42. Rc5 Kd6 43. b4 Rh1+ 44. Ke2 Ra1 45. Ra5 Rc1 46. Kd2 Rf1 47. Ke3 Rc1 48. Kd2 Rf1 49. Ra7 g5 50. Rg7 Rf2+ 51. Kc1 Rxf3 52. Rxg5 Rf4 53. a3 Rf3 54. Kb2 Kc7 55. Rg8 Rf4 56. Kb3 Rf3+ 57. Kb2 Rf1 58. Rg3 Rf4 59. Kb3 Kb6 60. c3 Rf1 61. a4 Rb1+ 62. Ka2 Rc1 63. Kb2 Rf1 64. a5+ Kb5 65. Rg8 Kc4 66. Rg4+ Kb5 67. Rd4 Rf3 68. Kb3 Rf5 69. Rh4 c5 70. bxc5 Kxc5 71. a6 Kb6 72. Ra4 Ka7 73. Kb4 Rf4+ 74. Kb5 Rxa4 75. Kxa4 Kxa6 76. Kb4 Kb6 77. Kb3 Kc5 78. Kc2 Kc4 79. Kd2 Kc5 80. Kd3 Kc6 81. Kd4 Kd6 82. c4 dxc4 83. Kxc4 1/2-1/2


[Site "https://www.chess.com"]

[Event "Titled Tuesday Blitz June 28 Late 2022"]
[White "Dubov, Daniil"]
[Black "Capp, Stephen"]
[WhiteFideId "24126055"]
[BlackFideId "2027089"]
[WhiteElo "2791"]
[BlackElo "2146"]
[Result "1-0"]
[Round "03"]
[TimeControl "180+1"]
[Date "2022.06.29"]
[WhiteClock "0:01:41"]
[BlackClock "0:00:05"]

1. d4 Nf6 2. Bf4 d5 3. e3 c5 4. Nf3 Nc6 5. Nbd2 Bf5 6. dxc5 e6 7. Nd4 Bg6 8. Bb5 Rc8 9. Nxc6 bxc6 10. Ba6 Bxc5 11. Bxc8 Qxc8 12. O-O O-O 13. Rc1 h6 14. c4 Be7 15. Qa4 Qb7 16. Nb3 dxc4 17. Qxc4 Rc8 18. Rfd1 Nd5 19. Na5 Qxb2 20. Nxc6 Kh8 21. Be5 Qa3 22. Qb3 f6 23. Bb2 Qd6 24. Nxe7 Rxc1 25. Rxc1 Nxe7 26. Ba3 Qd2 27. Qb4 Qxb4 28. Bxb4 Nd5 29. Bc5 a6 30. f3 Bd3 31. e4 Nf4 32. Kf2 Ne2 33. Rd1 Bb5 34. Rd8+ Kh7 35. a4 Nc3 36. axb5 axb5 37. Rb8 1-0


[Site "https://www.chess.com"]

[Event "Titled Tuesday Blitz June 28 Late 2022"]
[White "Eynullayev, Atilla"]
[Black "Yaksin, Oleg"]
[WhiteFideId "13413570"]
[BlackFideId "24105880"]
[WhiteElo "2461"]
[BlackElo "2645"]
[Result "1-0"]
[Round "03"]
[TimeControl "180+1"]
[Date "2022.06.29"]
[WhiteClock "0:00:40"]
[BlackClock "0:00:01"]

1. e4 e6 2. d4 d5 3. e5 b6 4. Nf3 Ba6 5. Bxa6 Nxa6 6. O-O c5 7. c3 Qd7 8. Nbd2 Nb8 9. Re1 Nc6 10. Nf1 Nge7 11. Ng3 h6 12. a3 c4 13. Nh5 Na5 14. Rb1 Nb3 15. Bf4 Ng6 16. Be3 Rg8 17. Bxh6 O-O-O 18. Bg5 Be7 19. Bxe7 Qxe7 20. Nd2 Nxd2 21. Qxd2 Qh4 22. Ng3 Rh8 23. h3 Nf4 24. b3 Rh6 25. bxc4 Rdh8 26. Qd1 Rg6 27. Qf3 Nxh3+ 28. gxh3 Qxh3 29. cxd5 exd5 30. c4 Rh4 31. cxd5 Rhg4 32. Rbc1+ Kb8 33. Rc3 Rh6 34. Rec1 1-0


[Site "https://www.chess.com"]

[Event "Titled Tuesday Blitz June 28 Late 2022"]
[White "Fawole, John Oyeyemi"]
[Black "Gabdushev, Ruslan"]
[WhiteFideId "8501319"]
[BlackFideId "4137833"]
[WhiteElo "2091"]
[BlackElo "2312"]
[Result "0-1"]
[Round "03"]
[TimeControl "180+1"]
[Date "2022.06.29"]
[WhiteClock "0:00:06"]
[BlackClock "0:00:02"]

1. e4 Nc6 2. Nf3 d6 3. d4 Bg4 4. c3 Nf6 5. Nbd2 e5 6. d5 Ne7 7. c4 Ng6 8. h3 Bd7 9. g3 Be7 10. Bg2 Qc8 11. Qe2 O-O 12. Nf1 c6 13. Bg5 h6 14. Bxf6 Bxf6 15. Ne3 Bd8 16. Qd2 cxd5 17. cxd5 Qc5 18. b4 Qb6 19. O-O Rc8 20. Rfc1 Ne7 21. Nc4 Qa6 22. Bf1 b5 23. Ne3 Qa4 24. Rxc8 Bxc8 25. Rc1 Bd7 26. Nh4 Bb6 27. Nef5 Nxf5 28. exf5 Rc8 29. Rxc8+ Bxc8 30. f6 g5 31. Bd3 Qa3 32. Kg2 Bd8 33. Bf5 Bb7 34. Be6 Bxf6 35. Nf5 fxe6 36. Nxd6 Bxd5+ 37. Kh2 Qf3 0-1


[Site "https://www.chess.com"]

[Event "Titled Tuesday Blitz June 28 Late 2022"]
[White "Federzoni, Enzo"]
[Black "Phillips, Rene"]
[WhiteFideId "2173301"]
[BlackFideId "2056275"]
[WhiteElo "1949"]
[BlackElo "2199"]
[Result "1-0"]
[Round "03"]
[TimeControl "180+1"]
[Date "2022.06.29"]
[WhiteClock "0:00:54"]
[BlackClock "0:00:14"]

1. e4 Nc6 2. d4 d5 3. e5 f6 4. f4 Nh6 5. Nf3 Bg4 6. Be2 e6 7. h3 Bxf3 8. Bxf3 Nf5 9. Nc3 Nfxd4 10. Be3 Nxf3+ 11. gxf3 d4 12. exf6 Qxf6 13. Ne4 Qh4+ 14. Bf2 Qxf4 15. Bxd4 O-O-O 16. c3 e5 17. Qa4 exd4 18. Kf2 Be7 19. Rad1 Bh4+ 20. Kg2 Ne5 21. Rhf1 a6 22. Rxd4 Rxd4 23. Qxd4 Rd8 24. Nd6+ Rxd6 25. Qxf4 Rg6+ 26. Kh1 Bf6 27. Re1 Nc6 28. Re8+ Kd7 29. Re4 Kc8 30. Qe3 b6 31. Re6 Nd8 32. Re8 Kd7 33. Re4 Kc8 34. Rg4 Rh6 35. Qe4 Rxh3+ 36. Kg2 Rh6 37. Qa8+ Kd7 38. Qxa6 Ne6 39. Qb5+ Ke7 40. Re4 Kf7 41. Qd7+ Be7 42. Qd5 Rg6+ 43. Kf1 Bd6 44. f4 Rf6 45. f5 g6 46. Ke2 Rxf5 47. Qxe6+ 1-0


[Site "https://www.chess.com"]

[Event "Titled Tuesday Blitz June 28 Late 2022"]
[White "Fernandez Siles, Luis"]
[Black "Kim, Sergey"]
[WhiteFideId "2209420"]
[BlackFideId "13700570"]
[WhiteElo "2211"]
[BlackElo "2591"]
[Result "0-1"]
[Round "03"]
[TimeControl "180+1"]
[Date "2022.06.29"]
[WhiteClock "0:00:15"]
[BlackClock "0:01:40"]

1. e4 e5 2. Nf3 Nc6 3. Bc4 Bc5 4. O-O Nf6 5. d4 Bxd4 6. Nxd4 Nxd4 7. Bg5 Ne6 8. f4 exf4 9. Bxe6 dxe6 10. Qxd8+ Kxd8 11. e5 h6 12. Bh4 g5 13. exf6 gxh4 14. Rxf4 h3 15. gxh3 e5 16. Rf3 Be6 17. Nc3 c6 18. Re1 Kc7 19. Rxe5 Rad8 20. Kf2 Rd2+ 21. Re2 Rhd8 22. Ke1 Rxe2+ 23. Kxe2 b5 24. b3 Kb6 25. a4 a6 26. axb5 cxb5 27. Rd3 Rc8 28. Kd2 a5 29. Ne4 a4 30. bxa4 bxa4 31. Ra3 Ka5 32. c3 Bd5 33. Nd6 Rd8 0-1


[Site "https://www.chess.com"]

[Event "Titled Tuesday Blitz June 28 Late 2022"]
[White "Florescu, Codrut-Constantin"]
[Black "Andreikin, Dmitry"]
[WhiteFideId "1202200"]
[BlackFideId "4158814"]
[WhiteElo "2191"]
[BlackElo "2736"]
[Result "0-1"]
[Round "03"]
[TimeControl "180+1"]
[Date "2022.06.28"]
[WhiteClock "0:00:01"]
[BlackClock "0:00:22"]

1. d4 d5 2. Nf3 Nf6 3. c4 e6 4. Nc3 Nbd7 5. cxd5 exd5 6. Bf4 c6 7. e3 Nh5 8. Bg3 Be7 9. Bd3 O-O 10. Nd2 g6 11. Be2 Nxg3 12. hxg3 Nf6 13. g4 Re8 14. g5 Ne4 15. Ndxe4 dxe4 16. Qb3 Bxg5 17. Bc4 Qc7 18. Qc2 b5 19. Bb3 Qe7 20. d5 b4 21. Na4 cxd5 22. Bxd5 Bb7 23. Bxb7 Qxb7 24. O-O Rac8 25. Qb3 a5 26. Rfc1 Be7 27. Rc4 Rxc4 28. Qxc4 Rc8 29. Qd4 Qc6 30. Nb6 Rd8 31. Qe5 Bh4 32. Qxa5 Rd2 33. Rf1 Qc2 34. Nd5 Rxf2 35. Ne7+ Kg7 36. Qe5+ Kf8 37. Nxg6+ fxg6 0-1


[Site "https://www.chess.com"]

[Event "Titled Tuesday Blitz June 28 Late 2022"]
[White "Gaehwiler, Gabriel"]
[Black "Ahn, Hongjin"]
[WhiteFideId "1314530"]
[BlackFideId "13201492"]
[WhiteElo "2744"]
[BlackElo "2493"]
[Result "1-0"]
[Round "03"]
[TimeControl "180+1"]
[Date "2022.06.29"]
[WhiteClock "0:00:24"]
[BlackClock "0:00:08"]

1. Nf3 c5 2. c4 Nc6 3. g3 g6 4. Bg2 Bg7 5. O-O e6 6. Na3 Nge7 7. Nc2 O-O 8. d4 cxd4 9. Ncxd4 d5 10. cxd5 Nxd5 11. Nxc6 bxc6 12. a3 Rb8 13. Qc2 Ba6 14. Rd1 Qb6 15. e4 Nc7 16. Rb1 c5 17. Be3 Qb3 18. Qxc5 Be2 19. Nd4 Bxd4 20. Rxd4 Nb5 21. Rb4 Qd3 22. Re1 a5 23. Ra4 Rfd8 24. h3 Rbc8 25. Qe5 Qc2 26. Bh6 f6 1-0


[Site "https://www.chess.com"]

[Event "Titled Tuesday Blitz June 28 Late 2022"]
[White "Garagulya, Konstantin"]
[Black "Barp, Alberto"]
[WhiteFideId "4128931"]
[BlackFideId "872555"]
[WhiteElo "2329"]
[BlackElo "2229"]
[Result "1-0"]
[Round "03"]
[TimeControl "180+1"]
[Date "2022.06.28"]
[WhiteClock "0:00:28"]
[BlackClock "0:00:30"]

1. d4 f5 2. Nf3 Nf6 3. g3 g6 4. Bg2 Bg7 5. O-O O-O 6. c4 d6 7. Nc3 c6 8. Qb3 Kh8 9. Rd1 Qc7 10. Bf4 Ne4 11. Nxe4 fxe4 12. Ng5 Qb6 13. Qxb6 axb6 14. Nxe4 Nd7 15. a3 c5 16. Be3 h6 17. Nc3 Nf6 18. h3 Rb8 19. Rac1 Be6 20. Na4 Bxc4 21. Rxc4 b5 22. Rc2 cxd4 23. Rxd4 bxa4 24. Rxa4 Nd7 25. Rb4 b6 26. Rc7 Rfd8 27. Bc6 Ne5 28. Bd5 Bf6 29. Rxb6 Rxb6 30. Bxb6 Rb8 31. Rb7 Rc8 32. Be3 Rc2 33. Kf1 h5 34. a4 Nc4 35. Bxc4 Rxc4 36. b4 Bc3 37. a5 Bxb4 38. a6 Bc5 39. Bxc5 Rxc5 40. a7 1-0


[Site "https://www.chess.com"]

[Event "Titled Tuesday Blitz June 28 Late 2022"]
[White "Gatterer, Florian"]
[Black "Przybylski, Wojciech"]
[WhiteFideId "811688"]
[BlackFideId "1117599"]
[WhiteElo "2218"]
[BlackElo "2133"]
[Result "0-1"]
[Round "03"]
[TimeControl "180+1"]
[Date "2022.06.29"]
[WhiteClock "0:00:30"]
[BlackClock "0:00:09"]

1. d4 Nf6 2. Nf3 e6 3. g3 b6 4. Bg2 Bb7 5. O-O Be7 6. c4 O-O 7. Re1 c5 8. d5 exd5 9. Nh4 Re8 10. cxd5 d6 11. Nc3 Nbd7 12. Nf5 Bf8 13. e4 Ba6 14. Bf1 Bxf1 15. Kxf1 g6 16. Nh6+ Kg7 17. Ng4 Nxg4 18. Qxg4 Ne5 19. Qd1 c4 20. Be3 Kg8 21. Bd4 Nd3 22. Re2 Qd7 23. Kg2 b5 24. a3 a5 25. Qd2 b4 26. Nd1 b3 27. Qg5 Bg7 28. Bxg7 Kxg7 29. Qe3 Rac8 30. Qd4+ Kg8 31. Ne3 Qb5 32. Ng4 Ne5 33. Nf6+ Kf8 34. Nxe8 Rxe8 35. f4 Nd3 36. e5 dxe5 37. fxe5 Rd8 38. e6 Qxd5+ 39. Qxd5 Rxd5 40. Rf1 f5 41. e7+ Ke8 42. g4 f4 43. Rf3 Rd7 44. Rd2 Rxe7 45. Rfxd3 cxd3 46. Rxd3 Re2+ 47. Kf3 Rxb2 48. Kxf4 a4 49. Rd4 Rf2+ 50. Ke5 b2 51. Rb4 Rxh2 52. Ke6 Re2+ 53. Kf6 h5 54. g5 h4 55. Kxg6 h3 56. Kf6 h2 57. g6 h1=Q 58. g7 Qf1+ 59. Kg6 Rg2+ 60. Kh7 Qh1+ 61. Kg8 Kd7 62. Rd4+ Kc6 63. Rf4 Qg1 64. Rf6+ Kd5 65. Rf5+ Ke4 66. Rf7 Rg6 67. Re7+ Kd3 68. Rf7 Rxg7+ 69. Rxg7 Qxg7+ 70. Kxg7 b1=Q 71. Kf6 Kc3 72. Ke5 Qb2 73. Kd6 Kb3 74. Kc6 Qxa3 75. Kb6 Qb4+ 76. Ka6 Kc3 77. Ka7 a3 78. Ka8 a2 79. Ka7 a1=Q# 0-1


[Site "https://www.chess.com"]

[Event "Titled Tuesday Blitz June 28 Late 2022"]
[White "Golubev, Mikhail"]
[Black "Sanchez, Robert"]
[WhiteFideId "14100983"]
[BlackFideId "2034360"]
[WhiteElo "2374"]
[BlackElo "2109"]
[Result "1-0"]
[Round "03"]
[TimeControl "180+1"]
[Date "2022.06.29"]
[WhiteClock "0:01:06"]
[BlackClock "0:00:24"]

1. e4 e6 2. d4 d5 3. Nc3 Nf6 4. Bg5 Be7 5. e5 Nfd7 6. h4 h6 7. Bxe7 Qxe7 8. Qg4 O-O 9. O-O-O a6 10. Nf3 c5 11. dxc5 Nc6 12. Qf4 Nxc5 13. Nd4 Nxd4 14. Qxd4 b5 15. Kb1 Rb8 16. Ne2 Bd7 17. Ng3 Rfc8 18. Bd3 b4 19. Nh5 Na4 20. Ka1 g6 21. Nf6+ Kg7 22. h5 g5 23. f4 Bb5 24. fxg5 Bxd3 25. gxh6+ Kxh6 26. Qf4+ Kg7 27. Qg5+ 1-0


[Site "https://www.chess.com"]

[Event "Titled Tuesday Blitz June 28 Late 2022"]
[White "Gubajdullin, Alexei"]
[Black "Livaic, Leon"]
[WhiteFideId "4141202"]
[BlackFideId "14531534"]
[WhiteElo "2280"]
[BlackElo "2540"]
[Result "1-0"]
[Round "03"]
[TimeControl "180+1"]
[Date "2022.06.28"]
[WhiteClock "0:00:26"]
[BlackClock "0:00:23"]

1. c4 e6 2. Nf3 d5 3. b3 d4 4. g3 Nc6 5. Bg2 e5 6. O-O Nf6 7. d3 a5 8. Na3 Be7 9. Nb5 O-O 10. e3 Bg4 11. h3 Bh5 12. g4 Bg6 13. exd4 exd4 14. Bf4 Rc8 15. Ne5 Nxe5 16. Bxe5 c6 17. Nxd4 Nd7 18. Bg3 Bf6 19. Nf5 Bxf5 20. gxf5 Bxa1 21. Qxa1 Qf6 22. Qxf6 Nxf6 23. Rd1 Rfd8 24. d4 Rd7 25. Kf1 Re8 26. Rd3 Ne4 27. Bf4 Nd6 28. f6 gxf6 29. d5 c5 30. h4 Ne4 31. Bh3 Rdd8 32. Bc7 Kf8 33. d6 Ra8 34. d7 Red8 35. Bf5 Ng5 36. hxg5 fxg5 37. Bxd8 Rxd8 38. Rd5 h5 39. Rxc5 Ke7 40. Rc8 b6 41. Rxd8 Kxd8 42. a3 Kc7 43. b4 axb4 44. axb4 Kd8 45. c5 bxc5 46. b5 c4 47. b6 c3 48. b7 1-0


[Site "https://www.chess.com"]

[Event "Titled Tuesday Blitz June 28 Late 2022"]
[White "Gulecyuz, Deniz"]
[Black "Le Hetet, Nicolas"]
[WhiteFideId "30921341"]
[BlackFideId "634824"]
[WhiteElo "1923"]
[BlackElo "2310"]
[Result "0-1"]
[Round "03"]
[TimeControl "180+1"]
[Date "2022.06.29"]
[WhiteClock "0:00:05"]
[BlackClock "0:00:14"]

1. e4 c5 2. Nf3 Nc6 3. d4 cxd4 4. Nxd4 e5 5. Nb5 d6 6. N1c3 a6 7. Na3 b5 8. Nd5 Nge7 9. Bg5 h6 10. Bh4 Qa5+ 11. c3 Nxd5 12. Qxd5 Qc7 13. Nc2 Be6 14. Qd3 Be7 15. Bxe7 Nxe7 16. Ne3 Rd8 17. Rd1 d5 18. exd5 Nxd5 19. Nxd5 Rxd5 20. Qe2 O-O 21. Rxd5 Bxd5 22. Qe3 Qc6 23. Be2 Bxg2 24. Rg1 Bd5 25. Qxe5 g6 26. Kd2 Re8 27. Qd4 Bxa2 28. Bd3 Bb3 29. h4 h5 30. f4 Bc4 31. f5 Bxd3 32. Qxd3 Qb6 33. Qg3 b4 34. fxg6 bxc3+ 35. Qxc3 Qxg1 36. gxf7+ Kxf7 37. Qf3+ Kg7 38. Qb7+ Kh8 0-1


[Site "https://www.chess.com"]

[Event "Titled Tuesday Blitz June 28 Late 2022"]
[White "Gurevich, Dmitry"]
[Black "Fernandez Sanchez, Mario Andres"]
[WhiteFideId "2000407"]
[BlackFideId "6501621"]
[WhiteElo "2506"]
[BlackElo "2057"]
[Result "0-1"]
[Round "03"]
[TimeControl "180+1"]
[Date "2022.06.29"]
[WhiteClock "0:00:01"]
[BlackClock "0:00:01"]

1. Nf3 d5 2. d4 Nf6 3. c4 c6 4. Nc3 dxc4 5. a4 Bf5 6. Nh4 Bd7 7. e4 e6 8. Nf3 Bb4 9. Qc2 b5 10. Be2 O-O 11. O-O Qc7 12. e5 Nd5 13. Ng5 g6 14. Nge4 Be7 15. Bh6 Rd8 16. Qd2 b4 17. Nd1 c5 18. Bxc4 cxd4 19. Bxd5 exd5 20. Nf6+ Bxf6 21. exf6 Qb6 22. Bg7 Nc6 23. Qh6 Qc5 24. Rc1 Qd6 25. f4 Rac8 26. Rf3 Bg4 27. Rg3 Ne7 28. Rxg4 Nf5 29. Rxc8 Nxh6 30. Rxd8+ Qxd8 31. Bxh6 Qxf6 32. Rg3 Qf5 33. Rf3 Qc2 34. Rf1 f6 35. h4 Kf7 36. f5 Qxa4 37. Nf2 Qc2 38. Rd1 Qxb2 39. Nd3 Qc2 40. Nf2 gxf5 41. Rxd4 Kg6 42. Be3 b3 43. Rd2 Qc4 44. Nh3 a5 45. Nf4+ Kf7 46. Kh2 a4 47. Rxd5 a3 48. Rd7+ Ke8 49. Rxh7 b2 50. Ng6 b1=Q 0-1


[Site "https://www.chess.com"]

[Event "Titled Tuesday Blitz June 28 Late 2022"]
[White "Hakobyan, Aram"]
[Black "Paszewski, Mateusz"]
[WhiteFideId "13306677"]
[BlackFideId "1141058"]
[WhiteElo "2557"]
[BlackElo "2171"]
[Result "1/2-1/2"]
[Round "03"]
[TimeControl "180+1"]
[Date "2022.06.28"]
[WhiteClock "0:00:22"]
[BlackClock "0:00:12"]

1. d4 d5 2. c4 c6 3. cxd5 cxd5 4. Bg5 f6 5. Bd2 Nc6 6. Nc3 e5 7. e4 dxe4 8. dxe5 fxe5 9. Bc4 Nf6 10. Nge2 Na5 11. Bb5+ Bd7 12. O-O Bxb5 13. Nxb5 a6 14. Nbc3 Bc5 15. Ng3 Nc4 16. Ncxe4 Nxd2 17. Nxd2 O-O 18. Nde4 Nxe4 19. Nxe4 Qxd1 20. Rfxd1 Bd4 21. Rd2 Rac8 22. Kf1 Rc6 23. Rad1 Rfc8 24. Ke2 Kf7 25. b3 h6 26. Rd3 Rc2+ 27. R1d2 Ke6 28. Rxc2 Rxc2+ 29. Rd2 Rc1 30. f3 b5 31. Rd1 Rc2+ 32. Rd2 Rc1 33. Kd3 Kd5 34. Rc2 Rd1+ 35. Rd2 Rg1 36. h3 a5 37. Rc2 Rd1+ 38. Ke2 Rg1 39. Kd3 Rd1+ 40. Rd2 Rg1 41. Ng3 g6 42. Ne4 h5 43. Rc2 Rd1+ 44. Ke2 Rg1 45. g4 Rh1 46. Ng5 a4 47. bxa4 bxa4 48. Kd3 Rd1+ 49. Rd2 Rf1 50. gxh5 gxh5 51. Rc2 Rd1+ 52. Ke2 Rg1 53. Ne4 Rh1 54. Nf6+ Kd6 55. Nxh5 Rh2+ 56. Kd3 Rxh3 57. Ng7 Rxf3+ 58. Kc4 a3 59. Nh5 Bb2 60. Rd2+ Ke6 61. Rg2 e4 62. Ng3 e3 63. Ne2 Rf2 64. Kd3 Rxg2 65. Nf4+ Kf5 66. Nxg2 Kg4 67. Nxe3+ Kf4 68. Nc4 Kf5 69. Na5 Ke6 70. Kc4 Kd6 71. Kb5 Kc7 72. Nc4 Kb7 73. Nd6+ Kc7 74. Ne4 Kb7 75. Nc5+ Kc7 76. Nd3 Kb7 77. Nb4 Kc7 78. Nd5+ Kb7 79. Kc5 Ka6 80. Nb4+ Kb7 81. Nc6 Bc1 82. Ne5 Bb2 83. Nd3 Kc7 84. Kb5 Kb7 85. Ka4 Kc7 86. Kb3 Kb6 87. Nb4 Kb7 88. Nc2 Kb6 89. Ne3 Kb7 90. Nc4 Kc6 91. Kb4 Kb7 92. Kb5 Bc1 93. Na5+ Kc7 94. Nb3 Bb2 95. Nc5 Bc1 96. Kc4 Bb2 97. Ne4 Bc1 98. Kd5 Bb2 99. Ng5 Bc1 100. Ne6+ Kb7 101. Nc5+ Kc7 102. Kc4 Bb2 103. Kb5 Bc1 104. Kb4 Bb2 105. Nb3 Kb7 106. Kb5 Kc7 107. Ka6 Kc6 108. Ka5 Kd5 109. Kb4 Kc6 110. Na5+ Kb6 111. Nc4+ Kc6 112. Kb3 Kb5 113. Ne3 Kc5 114. Nc2 Kb5 115. Nb4 Kc5 116. Ka4 Kb6 117. Nd3 1/2-1/2


[Site "https://www.chess.com"]

[Event "Titled Tuesday Blitz June 28 Late 2022"]
[White "Hamitevici, Vladimir"]
[Black "Yoo, Christopher Woojin"]
[WhiteFideId "13902393"]
[BlackFideId "30909694"]
[WhiteElo "2359"]
[BlackElo "2105"]
[Result "0-1"]
[Round "03"]
[TimeControl "180+1"]
[Date "2022.06.28"]
[WhiteClock "0:00:04"]
[BlackClock "0:00:03"]

1. c4 e6 2. Nc3 d5 3. d4 Nf6 4. cxd5 exd5 5. Bg5 Bb4 6. Rc1 h6 7. Bh4 Nbd7 8. e3 O-O 9. Bd3 c5 10. Ne2 cxd4 11. exd4 Bd6 12. Nxd5 g5 13. Nxf6+ Nxf6 14. Bg3 Qa5+ 15. Nc3 Re8+ 16. Kf1 Bxg3 17. hxg3 Kg7 18. Qa4 Qb6 19. Nd5 Qxb2 20. Rb1 Qd2 21. Nxf6 Qxd3+ 22. Kg1 Qxb1+ 23. Kh2 Qxh1+ 24. Kxh1 Re1+ 25. Kh2 Kxf6 26. Qb4 Re8 27. Qd6+ Kg7 28. d5 Bf5 29. Qc7 Rad8 30. Qxb7 Rd7 31. Qb5 Red8 32. Qa5 Rxd5 33. Qxa7 Rd2 34. Qa3 Be6 35. Qa5 Bxa2 36. f4 R8d5 37. Qc3+ R2d4 38. fxg5 hxg5 39. g4 Bc4 40. Qf3 Bb5 41. Qb3 Bd7 42. Qb2 Bxg4 43. Kg3 Be6 44. Qa1 f6 45. Qa7+ Bf7 46. Qa8 Rd3+ 47. Kh2 R5d4 48. Qa7 Rh4+ 49. Kg1 Rd1+ 50. Kf2 Rf4+ 51. Kg3 Rd3+ 52. Kh2 Rf1 53. Qa6 Rdd1 54. Kg3 Bd5 55. Qa7+ Kg6 56. Qb8 Rd3+ 57. Kh2 Rf4 58. Qe8+ Kg7 59. Qe7+ Bf7 60. Qe2 Rdd4 61. Qb2 Rde4 62. Kg3 Rg4+ 63. Kh2 Rh4+ 64. Kg3 Reg4+ 65. Kf2 Bd5 66. Qb5 Rxg2+ 67. Ke3 Re4+ 68. Kd3 Bc4+ 69. Kxe4 Bxb5 0-1


[Site "https://www.chess.com"]